 Dungeon Crawl Stone Soup version 0.18.1-48-g4cf74bf (webtiles) character file.

16839 nikopol the Cleaver (level 12, -3/159 HPs)
             Began as a Hill Orc Berserker on July 28, 2016.
             Was a High Priest of Trog.
             Slain by a 14-headed hydra (6 damage)
             ... on level 1 of the Lair of Beasts.
             The game lasted 00:47:32 (9535 turns).

nikopol the Cleaver (Hill Orc Berserker)            Turns: 9535, Time: 00:47:33

Health: -3/159     AC: 21    Str: 28    XL:     12   Next: 41%
Magic:  12/12      EV:  9    Int:  7    God:    Trog [*****.]
Gold:   99         SH: 12    Dex: 12    Spells: 0 memorised, 11 levels left

rFire  . . .     SeeInvis +     W - +3 war axe of Theory {chop, rElec}
rCold  + . .     Gourm    .     P - +1 plate armour {rPois}
rNeg   + . .     Faith    .     T - +0 shield
rPois  +         Spirit   .     M - +2 hat
rElec  +         Dismiss  .     s - +0 cloak {MR+}
rCorr  .         Reflect  .     R - +2 pair of gloves of the Abyss {rPois rC+ rN+ SInv}
SustAt .         Harm     .     (no boots)
MR     +....                    z - amulet of regeneration
Stlth  ..........               J - ring of stealth
                                G - +3 ring of slaying

@: berserking, very quick, somewhat resistant to hostile enchantments, extremely
unstealthy
A: no striking features
a: Berserk, Trog's Hand, Brothers in Arms, Burn Spellbooks, Renounce Religion


You were on level 1 of the Lair of Beasts.
You worshipped Trog.
Trog was extremely pleased with you.
You were hungry.

You visited 2 branches of the dungeon, and saw 12 of its levels.

You collected 659 gold pieces.
You spent 560 gold pieces at shops.

Inventory:

Hand Weapons
 k - the +3 broad axe "Facix" {flame, Dex+4}
   (You bought it in a shop on level 8 of the Dungeon)

   It has been specially enchanted to burn those struck by it, causing extra
   injury to most foes and up to half again as much damage against particularly
   susceptible opponents.
   Big, fiery blades are also staple armaments of hydra-hunters.
   It affects your dexterity (+4).
 W - the +3 war axe of Theory (weapon) {chop, rElec}
   (You bought it in a shop on level 8 of the Dungeon)

   It inflicts extra damage upon your enemies.
   It insulates you from electricity.
Armour
 a - a +2 ring mail of cold resistance
 s - a +0 cloak of magic resistance (worn)
 M - a +2 hat (worn)
 P - a +1 plate armour of poison resistance (worn)
 R - the +2 pair of gloves of the Abyss (worn) {rPois rC+ rN+ SInv}
   (You found it on level 10 of the Dungeon)

   It protects you from cold.
   It protects you from poison.
   It protects you from negative energy.
   It lets you see invisible.
 T - a +0 shield (worn)
Jewellery
 z - an amulet of regeneration (around neck)
 G - a +3 ring of slaying (left hand)
 J - a ring of stealth (right hand)
 L - an uncursed ring of flight
Wands
 i - a wand of disintegration (2/24)
 H - a wand of digging (8/24)
 I - a wand of teleportation (5/9)
Scrolls
 g - 3 scrolls of fog {unknown}
 j - 10 scrolls of identify {unknown}
 r - a scroll of amnesia {unknown}
 t - 2 scrolls of blinking {unknown}
 u - 9 scrolls of remove curse {unknown}
 w - a scroll of vulnerability {unknown}
 x - 3 scrolls of teleportation {unknown}
 y - 2 scrolls of magic mapping {unknown}
 A - a scroll of immolation {unknown}
 B - 2 scrolls of enchant weapon {unknown}
 C - a scroll of enchant armour {unknown}
 D - a scroll of summoning {unknown}
 O - 2 scrolls of noise {unknown}
 S - 3 scrolls of fear {unknown}
 Y - 3 scrolls of random uselessness {unknown}
Potions
 d - a potion of degeneration {unknown}
 e - a potion of berserk rage {unknown}
 h - 7 potions of brilliance {unknown}
 l - a potion of resistance {unknown}
 m - a potion of magic {unknown}
 n - a potion of cancellation {unknown}
 o - 3 potions of haste {unknown}
 p - 3 potions of agility
 q - a potion of heal wounds
 v - 6 potions of curing
 E - 2 potions of cure mutation {unknown}
 F - 2 potions of invisibility
 N - a potion of lignification {unknown}
 V - 2 potions of ambrosia {unknown}
 X - a potion of mutation {unknown}
 Z - a potion of might
Comestibles
 b - 10 chunks of flesh
 c - 9 bread rations
 f - 3 slices of pizza
 K - 7 meat rations
 U - 2 fruits


   Skills:
 + Level 10.0 Fighting
 * Level 13.7 Axes
 + Level 5.5 Throwing
 + Level 9.1 Armour
 + Level 6.8 Dodging
 * Level 9.1 Shields


You had 11 spell levels left.
You didn't know any spells.

Dungeon Overview and Level Annotations

Branches:
Dungeon (11/15)            Temple (0/1) D:7            Lair (1/8) D:11
    Orc: D:9-12

Altars:
Cheibriados
Makhleb
Nemelex Xobeh
Okawaru

Shops:
D:7 [   D:8 *?}([

Portals:
Trove: D:10 (give +6 demon whip)


Message History

The 13-headed hydra completely misses you.
The 13-headed hydra barely misses you. You block the 13-headed hydra's attack.
The 13-headed hydra bites you!
* * * LOW HITPOINT WARNING * * *
You chop one of the 13-headed hydra's heads off!
The 12-headed hydra grows two more!
You slash the 14-headed hydra!
The 14-headed hydra is almost dead.
Your shield and plate armour prevent you from hitting the 14-headed hydra.
The 14-headed hydra is almost dead.
The 14-headed hydra completely misses you.
You block the 14-headed hydra's attack.
The 14-headed hydra bites you but does no damage.
The 14-headed hydra bites you!
* * * LOW HITPOINT WARNING * * *
The 14-headed hydra barely misses you.
The 14-headed hydra bites you but does no damage.
You block the 14-headed hydra's attack. x2; The 14-headed hydra bites you!
* * * LOW HITPOINT WARNING * * *
You block the 14-headed hydra's attack. The 14-headed hydra bites you.
You die...

............ ............
. ...... .........#.##.#
P.... ###.#....###.#.#
#...# # ####)....##.....
#...## ..
.........##.....##....#...
.†.##....##..... .........
.........##....D##...# ...
...##....##.....@....#....
..###....#######..........
#####.....###.####....##..
.....................#.#.
..........................
################.#P####.##
##### #


You could see a 14-headed hydra.

Vanquished Creatures
  The ghost of Ferkelamun the Spear-Bearer, a journeyman MfSk of Okawaru (D:10)
  The ghost of Joat the Archer, a novice CeHu of Qazlal (D:11)
  The ghost of Inkary the Fighter, a novice GrFi of Okawaru (D:9)
  The ghost of Heedrag the Thaumaturge, a journeyman DECj of Vehumet (D:11)
  Sonja (D:10)
  An unseen horror (D:11)
  2 hill giants (D:10)
  The ghost of raikaria the Covert, a novice KoAs (D:7)
  A centaur zombie (D:10)
  A black mamba (Lair:1)
  A gargoyle (D:11)
  A spiny frog (Lair:1)
  A komodo dragon (Lair:1)
  A troll (D:9)
  The ghost of Heedrag the Destroyer, a novice DECj of Vehumet (D:6)
  2 two-headed ogres (D:9)
  The ghost of Situis the Shield-Bearer, an amateur FoFi (D:4)
  5 slime creatures (D:10)
  Prince Ribbit (D:5)
  Sigmund (D:3)
  A spriggan (D:7)
  2 wyverns
  2 hippogriffs
  5 yaks (D:11)
  A basilisk (Lair:1)
  A hungry ghost (D:11)
  Menkaure (D:5)
  3 water moccasins
  A porcupine (Lair:1)
  3 sky beasts (D:8)
  Duvessa (D:5)
  A phantom (D:7)
  4 orc warriors
  3 ice beasts
  3 black bears
  3 ogres
  A necrophage (D:8)
  9 centaurs
  A big kobold (D:11)
  3 giant frogs
  Dowan (D:5)
  A water moccasin zombie (D:5)
  4 scorpions
  7 killer bees
  4 wights (D:11)
  6 howler monkeys
  3 crimson imps
  A giant frog zombie (D:7)
  2 jellies
  4 hounds
  Crazy Yiuf (D:2)
  5 orc priests
  2 giant frog skeletons
  6 orc wizards
  Jessica (D:2)
  Natasha (D:2)
  6 iguanas
  8 worker ants
  4 sheep (Lair:1)
  3 hound zombies
  2 hound skeletons
  A worker ant zombie (D:5)
  11 adders
  7 gnolls
  2 oozes (D:3)
  2 adder skeletons
  2 worms (D:2)
  2 dart slugs
  2 giant geckos (D:2)
  35 orcs
  6 ball pythons
  9 bats
  6 giant cockroaches
  9 goblins
  11 hobgoblins
  10 jackals
  15 kobolds
  4 quokkas
  A giant gecko zombie (D:5)
  3 giant newts
  2 jackal skeletons (D:6)
  2 quokka skeletons
  A quokka zombie (D:8)
  12 rats
  A fungus (Lair:1)
303 creatures vanquished.

Vanquished Creatures (others)
  The ghost of ololoev the Destroyer, a novice DEFE of Sif Muna (D:11)
  A wraith (D:11)
  A wight (D:11)
  2 kobolds (D:11)
5 creatures vanquished.

Grand Total: 308 creatures vanquished

Notes
Turn   | Place    | Note
--------------------------------------------------------------
     0 | D:1      | nikopol the Hill Orc Berserker began the quest for the Orb.
     0 | D:1      | Reached XP level 1. HP: 19/19 MP: 1/1
   165 | D:1      | Reached XP level 2. HP: 22/27 MP: 2/2
   688 | D:1      | Reached XP level 3. HP: 29/33 MP: 3/3
   748 | D:1      | Reached ** piety under Trog
  1312 | D:2      | Reached skill level 5 in Axes
  1312 | D:2      | Reached XP level 4. HP: 40/40 MP: 4/4
  1329 | D:2      | Noticed Crazy Yiuf
  1342 | D:2      | Killed Crazy Yiuf
  1541 | D:2      | Noticed Natasha
  1558 | D:2      | Killed Natasha
  1558 | D:2      | Reached XP level 5. HP: 30/47 MP: 5/5
  1733 | D:2      | Noticed Jessica
  1747 | D:2      | Killed Jessica
  1947 | D:2      | Reached *** piety under Trog
  2127 | D:3      | Found a faded altar to an unknown god.
  2331 | D:3      | Reached XP level 6. HP: 55/55 MP: 6/6
  2332 | D:3      | Reached skill level 6 in Axes
  2404 | D:3      | Noticed Sigmund
  2427 | D:3      | Killed Sigmund
  2427 | D:3      | Reached skill level 5 in Fighting
  2685 | D:4      | Reached XP level 7. HP: 55/61 MP: 7/7
  2713 | D:4      | Reached **** piety under Trog
  3025 | D:4      | Noticed Situis's ghost (amateur FoFi)
  3040 | D:4      | Killed Situis's ghost
  3040 | D:4      | Reached skill level 7 in Axes
  3040 | D:4      | Reached skill level 5 in Armour
  3179 | D:4      | Reached XP level 8. HP: 51/70 MP: 8/8
  3568 | D:5      | Entered Level 5 of the Dungeon
  3714 | D:5      | Noticed Duvessa
  3714 | D:5      | Noticed Dowan
  3725 | D:5      | Killed Duvessa
  3729 | D:5      | Killed Dowan
  3917 | D:5      | Reached skill level 8 in Axes
  4020 | D:5      | Noticed Menkaure
  4033 | D:5      | Killed Menkaure
  4200 | D:5      | Noticed Prince Ribbit
  4293 | D:5      | Killed Prince Ribbit
  4293 | D:5      | Reached XP level 9. HP: 55/79 MP: 9/9
  4386 | D:6      | Noticed Heedrag's ghost (novice DECj)
  4401 | D:6      | Killed Heedrag's ghost
  4401 | D:6      | Reached skill level 9 in Axes
  4401 | D:6      | Reached skill level 1 in Throwing
  4401 | D:6      | Reached skill level 5 in Dodging
  4968 | D:6      | Found a burning altar of Makhleb.
  4993 | D:6      | Found an iron altar of Okawaru.
  4993 | D:6      | Found a snail-covered altar of Cheibriados.
  5250 | D:7      | Reached skill level 1 in Shields
  5309 | D:7      | Found Nineph's Antique Armour Shoppe.
  5534 | D:7      | Received a gift from Trog
  5617 | D:7      | Noticed raikaria's ghost (novice KoAs)
  5709 | D:7      | Killed raikaria's ghost
  5733 | D:7      | Found a staircase to the Ecumenical Temple.
  6079 | D:8      | Reached skill level 10 in Axes
  6082 | D:8      | Reached XP level 10. HP: 79/88 MP: 10/10
  6097 | D:8      | Found Xammolil's Assorted Antiques.
  6215 | D:8      | Found Vowuc's Gadget Emporium.
  6293 | D:8      | Found Nirhoel's Antique Weapon Emporium.
  6308 | D:8      | Bought a jewelled war axe for 272 gold pieces
  6308 | D:8      | Identified the +3 war axe of Theory {chop, rElec} (You bought it in a shop on level 8 of the Dungeon)
  6324 | D:8      | Reached ***** piety under Trog
  6337 | D:8      | Found Wol Geg's Magic Scroll Shop.
  6426 | D:8      | Found Nunaad's Antique Armour Shoppe.
  6512 | D:8      | Found a sparkling altar of Nemelex Xobeh.
  6722 | D:9      | Noticed Inkary's ghost (novice GrFi)
  6737 | D:9      | Killed Inkary's ghost
  6737 | D:9      | Reached skill level 5 in Shields
  6797 | D:9      | Reached skill level 11 in Axes
  7293 | D:10     | Entered Level 10 of the Dungeon
  7295 | D:10     | Noticed Sonja
  7412 | D:10     | Noticed Ferkelamun's ghost (journeyman MfSk)
  7429 | D:10     | Killed Ferkelamun's ghost
  7429 | D:10     | Reached XP level 11. HP: 97/97 MP: 11/11
  7497 | D:10     | Noticed a hill giant
  7508 | D:10     | Killed a hill giant
  7559 | D:10     | Noticed a hill giant
  7565 | D:10     | Killed a hill giant
  7565 | D:10     | Reached skill level 12 in Axes
  7623 | D:10     | Got a pair of scorched gloves
  7634 | D:10     | Identified the +2 pair of gloves of the Abyss {rPois rC+ rN+ SInv} (You found it on level 10 of the Dungeon)
  7829 | D:10     | Received a gift from Trog
  8007 | D:10     | Found a portal to a secret trove of treasure.
  8082 | D:10     | Killed Sonja
  8429 | D:11     | Noticed Joat's ghost (novice CeHu)
  8436 | D:11     | Noticed ololoev's ghost (novice DEFE)
  8448 | D:11     | Killed Joat's ghost
  8455 | D:11     | Killed ololoev's ghost
  8485 | D:11     | Noticed Heedrag's ghost (journeyman DECj)
  8496 | D:11     | Killed Heedrag's ghost
  8496 | D:11     | Reached skill level 5 in Throwing
  8570 | D:11     | Noticed an unseen horror
  8586 | D:11     | Killed an unseen horror
  8586 | D:11     | Reached skill level 13 in Axes
  8586 | D:11     | Reached XP level 12. HP: 103/106 MP: 12/12
  8770 | D:11     | Found a staircase to the Lair.
  9195 | D:8      | Bought an ancient broad axe for 288 gold pieces
  9195 | D:8      | Identified the +3 broad axe "Facix" {flame, Dex+4} (You bought it in a shop on level 8 of the Dungeon)
  9244 | Lair:1   | Entered Level 1 of the Lair of Beasts
  9461 | Lair:1   | Reached skill level 10 in Fighting
  9518 | Lair:1   | Noticed a five-headed hydra
  9535 | Lair:1   | HP: 3/159 [14-headed hydra (7)]
  9535 | Lair:1   | Slain by a 14-headed hydra

Skill      XL: |  1  2  3  4  5  6  7  8  9 10 11 12 |
---------------+-------------------------------------+-----
Dodging        | 2 3 4 5 6 |  6.8
Fighting       | 4 5 6 7 8 9 10 | 10.0
Axes           | 5 6 7 8 10 11 13 | 13.7
Armour         | 3 4 5 6 7 8 9 |  9.1
Throwing       | 2 4 5 |  5.5
Shields        | 3 6 8 9 |  9.1

Action                   |  1- 3 |  4- 6 |  7- 9 | 10-12 || total
-------------------------+-------+-------+-------+-------++-------
Melee: Hand axe          |   121 |   201 |   282 |       ||   604
       War axe           |       |       |   285 |   504 ||   789
Invok: Berserk           |       |     3 |     4 |     4 ||    11
       Burn Spellbooks   |       |       |     1 |     1 ||     2
  Eat: Chunk             |     1 |     8 |     7 |    15 ||    31
       Meat ration       |       |       |     1 |       ||     1
       Bread ration      |       |       |     1 |       ||     1
Armor: Animal skin       |    12 |       |       |       ||    12
       Chain mail        |    22 |    20 |       |       ||    42
       Ring mail         |       |    65 |    18 |       ||    83
       Leather armour    |       |       |    29 |       ||    29
       Plate armour      |       |       |   234 |   304 ||   538
Dodge: Dodged            |    74 |   111 |   180 |   142 ||   507
Block: Shield            |       |       |   110 |   279 ||   389
